 Dungeon Crawl Stone Soup version 0.23-a0-171-g5ae17c6 (webtiles) character file.

16643 theguy1 the Cleaver (level 12, 0/110 HPs)
             Began as a Minotaur Fighter on Sept 4, 2018.
             Was a High Priest of Okawaru.
             Slain by a meliai
             ... wielding a +0 war axe
              (8 damage)
             ... on level 11 of the Dungeon on Sept 13, 2018.
             The game lasted 00:50:03 (11090 turns).

theguy1 the Cleaver (Minotaur Fighter)             Turns: 11090, Time: 00:50:04

Health: 0/110      AC: 14    Str: 24    XL:     12   Next: 11%
Magic:  11/11      EV: 10    Int:  5    God:    Okawaru [*****.]
Gold:   842        SH: 14    Dex: 12    Spells: 11/11 levels left

rFire    + . .     SeeInvis .   a - +1 war axe (protect)
rCold    . . .     Gourm    .   c - +1 shield
rNeg     . . .     Faith    .   S - +2 ring mail {rF+}
rPois    .         Spirit   .   (helmet restricted)
rElec    .         Reflect  .   r - scarf {repulsion}
rCorr    .         Harm     .   F - +0 pair of gloves
MR       .....                  (no boots)
Stlth    +.........             (no amulet)
HPRegen  0.28/turn              j - +2 ring of slaying
MPRegen  0.12/turn              s - +3 ring of protection

@: lethally poisoned (0 -> -14), repel missiles
A: retaliatory headbutt, horns 2
a: Heroism, Finesse, Renounce Religion


You were on level 11 of the Dungeon.
You worshipped Okawaru.
Okawaru was extremely pleased with you.
You were not hungry.

You visited 2 branches of the dungeon, and saw 13 of its levels.
You also visited: Bailey.

You collected 842 gold pieces.

Inventory:

Hand Weapons
 a - a +1 war axe of protection (weapon)
 l - a +0 flail of crushing
 I - a +1 flail of holy wrath
Armour
 c - a +1 shield (worn)
 m - a +1 scale mail of poison resistance
 o - a scarf of cloud immunity
 r - a scarf of repulsion (worn)
 t - a +2 chain mail of magic resistance
 F - a +0 pair of gloves (worn)
 S - a +2 ring mail of fire resistance (worn)
Jewellery
 j - a +2 ring of slaying (left hand)
 s - a +3 ring of protection (right hand)
 v - an uncursed ring of wizardry {unknown}
 w - an uncursed ring of wizardry {unknown}
 x - a cursed -2 ring of intelligence
 B - a +3 ring of protection
 D - an uncursed ring of resist corrosion {unknown}
 E - an uncursed ring of positive energy {unknown}
 O - a cursed ring of teleportation {unknown}
Wands
 L - a wand of flame (32)
 N - a wand of paralysis (9)
Scrolls
 d - 5 scrolls of amnesia
 e - 2 scrolls of blinking
 n - 2 scrolls of fear
 y - a scroll of enchant weapon
 A - 12 scrolls of teleportation
 C - 3 scrolls of remove curse
 G - 2 scrolls of enchant armour
 P - 3 scrolls of fog
 R - a scroll of magic mapping
Potions
 b - 7 potions of mutation
 g - 2 potions of flight {unknown}
 h - a potion of degeneration {unknown}
 i - 6 potions of magic
 k - 6 potions of curing
 p - a potion of haste {unknown}
 q - a potion of cancellation {unknown}
 u - a potion of experience {unknown}
 z - 3 potions of lignification
 H - a potion of invisibility {unknown}
 J - a potion of berserk rage
 K - a potion of agility {unknown}
 M - 4 potions of heal wounds
 Q - 2 potions of brilliance {unknown}
Comestibles
 f - 22 rations


   Skills:
 + Level 11.2 Fighting
 * Level 14.5 Axes
 + Level 11.2 Armour
 + Level 11.2 Shields


You had 11 spell levels left.
You didn't know any spells.
Your spell library contained the following spells:

 Spells                   Type           Power        Failure   Level  Hunger
 Animate Skeleton         Necr           N/A          77%         1    ##.....
 Apportation              Tloc           #.....       77%         1    ##.....
 Confusing Touch          Hex            #.....       77%         1    ##.....
 Summon Small Mammal      Summ           #...         77%         1    ##.....
 Cause Fear               Hex            #.........   100%        4    #####..
 Silence                  Hex/Air        #.........   100%        5    ######.
 Yara's Violent Unravell  Hex/Tmut       #.........   100%        5    ######.
 Deflect Missiles         Chrm/Air       #.........   100%        6    #######
 Discord                  Hex            #.........   100%        8    #######


Dungeon Overview and Level Annotations

Branches:
Dungeon (12/15)            Temple (1/1) D:6            Lair (0/6) D:10
    Orc (0/2) D:12

Altars:
Ashenzari
Cheibriados
Dithmenos
Elyvilon
Fedhas
Gozag
Hepliaklqana
Kikubaaqudgha
Makhleb
Nemelex Xobeh
Okawaru
Qazlal
Ru
Sif Muna
Trog
Uskayaw
Vehumet
Wu Jian
Xom
Yredelemnul
Zin
The Shining One
Beogh

Shops:
D:4 *   D:7 [


Innate Abilities, Weirdness & Mutations

You reflexively headbutt those who attack you in melee.
You have a pair of horns on your head.


Message History

The meliai hits you but does no damage. You block the meliai's attack.
You climb upwards.
You feel sick.
There is a stone staircase leading down here.
You feel better. The meliai completely misses you.
The meliai barely misses you. You block the troll's attack. x2
The troll closely misses you.
The meliai invokes the aid of its god against you.
Something smites you!
* * * LOW HITPOINT WARNING * * *
You feel better. The meliai barely misses you. You furiously retaliate!
You headbutt the meliai! You block the meliai's attack.
The troll bites you but does no damage. You block the troll's attack.
The troll claws you but does no damage.
You feel better. The meliai hits you with a war axe!
* * * LOW HITPOINT WARNING * * *
The meliai stings you.
* * * LOW HITPOINT WARNING * * *
You are lethally poisoned!
The meliai poisons you! The meliai hits you with a war axe!
You die...

#..# #..# #..# #..# #..#
#..# #########..#
#..#########
...........#####..........#
..........................#
.........<.......########.#
########...####.(# #.#
#...# #.@# #.# #...# #Ty#
#.# #...####..########.#
########..................#
..........................#
.................}........#
##..#######################
#..# #..#


You could see a troll and a meliai.

Vanquished Creatures
  2 two-headed ogres
  4 unseen horrors
  A cyclops (D:12)
  2 ugly things (D:11)
  2 gargoyles (D:12)
  A queen bee (D:8)
  2 meliai (D:12)
  The ghost of
  15 the Covered, an amateur MiFi (D:4)
  Grinder (D:6)
  3 slime creatures (D:9)
  A hippogriff (D:12)
  7 yaks
  A wyvern (D:10)
  8 vampire mosquitoes
  Edmund (D:4)
  Menkaure (D:6)
  An acid dragon (D:11)
  A water moccasin (D:12)
  Duvessa (D:4)
  5 orc warriors
  A black bear (D:8)
  2 sky beasts
  An eye of draining (D:12)
  4 ogres
  2 phantoms
  11 centaurs
  A big kobold (D:9)
  Blork the orc (D:5)
  6 bullfrogs
  Dowan (D:4)
  6 scorpions
  21 killer bees
  12 howler monkeys
  5 wights (D:9)
  4 crimson imps
  4 bullfrog zombies
  6 orc priests
  5 hounds
  3 jellies
  10 orc wizards
  A bullfrog skeleton (D:12)
  4 centaur skeletons
  4 iguanas
  9 worker ants
  3 hound zombies
  13 gnolls (Bailey)
  A howler monkey skeleton (D:4)
  17 adders
  A shadow imp (D:7)
  An ooze (D:1)
  4 adder skeletons
  A worm (D:4)
  3 dart slugs (D:3)
  7 leopard geckos
  62 orcs
  8 bats
  8 giant cockroaches
  9 goblins
  19 hobgoblins
  5 jackals (D:3)
  6 quokkas
  2 ball pythons
  8 frilled lizards
  21 kobolds
  4 rats
373 creatures vanquished.

Notes
Turn   | Place    | Note
-------+----------+-------------------------------------------
     0 | D:1      | theguy1 the Minotaur Fighter began the quest for the Orb.
     0 | D:1      | Reached XP level 1. HP: 19/19 MP: 0/0
   189 | D:1      | Reached XP level 2. HP: 21/27 MP: 1/1
   244 | D:1      | Reached skill level 3 in Axes
   586 | D:2      | Reached XP level 3. HP: 33/33 MP: 2/2
   623 | D:2      | Found a white marble altar of Elyvilon.
   747 | D:2      | Found a shattered altar of Ashenzari.
   887 | D:2      | Found a radiant altar of Vehumet.
   926 | D:2      | Reached XP level 4. HP: 27/40 MP: 3/3
  1041 | D:2      | Found an ancient bone altar of Kikubaaqudgha.
  1682 | D:3      | Reached skill level 4 in Axes
  2162 | D:4      | Found a runed gate.
  2162 | D:4      | Found a runed gate.
  2162 | D:4      | Found a runed gate.
  2167 | D:4      | Noticed 15's ghost (amateur MiFi)
  2188 | D:4      | Noticed Edmund
  2200 | D:4      | Killed Edmund
  2200 | D:4      | Reached skill level 5 in Axes
  2200 | D:4      | Reached XP level 5. HP: 31/47 MP: 4/4
  2222 | D:4      | Found Nodaor's Elemental Accessories.
  2225 | D:4      | Reached XP level 6. HP: 40/55 MP: 5/5
  2254 | D:4      | Reached skill level 5 in Shields
  2345 | D:4      | Reached skill level 5 in Fighting
  2345 | D:4      | Reached skill level 5 in Armour
  2409 | D:4      | Noticed Duvessa
  2409 | D:4      | Noticed Dowan
  2413 | D:4      | Killed Duvessa
  2413 | D:4      | Reached skill level 6 in Axes
  2413 | D:4      | Reached XP level 7. HP: 53/61 MP: 6/6
  2424 | D:4      | Killed Dowan
  2627 | D:4      | Found a sparkling altar of Nemelex Xobeh.
  2679 | D:4      | Found a hazy altar of Hepliaklqana.
  2849 | D:4      | Found a glowing golden altar of the Shining One.
  2940 | D:4      | Killed 15's ghost
  2940 | D:4      | Reached skill level 7 in Axes
  3089 | D:5      | Entered Level 5 of the Dungeon
  3299 | D:5      | Reached XP level 8. HP: 70/70 MP: 7/7
  3325 | D:5      | Found a burning altar of Makhleb.
  3419 | D:5      | Noticed Blork the orc
  3426 | D:5      | Killed Blork the orc
  3668 | D:5      | Found an iron altar of Okawaru.
  3668 | D:5      | Found a shattered altar of Ashenzari.
  3698 | D:5      | Became a worshipper of Warmaster Okawaru
  3898 | D:6      | Noticed Menkaure
  3902 | D:6      | Killed Menkaure
  3902 | D:6      | Reached skill level 8 in Axes
  4105 | D:6      | Found a staircase to the Ecumenical Temple.
  4106 | D:6      | Found a blossoming altar of Fedhas.
  4114 | Temple   | Entered the Ecumenical Temple
  4572 | D:6      | Noticed Grinder
  4579 | D:6      | Killed Grinder
  4579 | D:6      | Reached * piety under Okawaru
  4579 | D:6      | Reached skill level 9 in Axes
  4887 | D:6      | Noticed a two-headed ogre
  4896 | D:6      | Killed a two-headed ogre
  4896 | D:6      | Reached XP level 9. HP: 32/79 MP: 8/8
  5438 | D:7      | You fall through a shaft for 2 floors!
  5552 | D:8      | Noticed a two-headed ogre
  5559 | D:8      | Killed a two-headed ogre
  5559 | D:8      | Reached ** piety under Okawaru
  5559 | D:8      | Reached skill level 10 in Axes
  5646 | D:8      | Reached skill level 11 in Axes
  5652 | D:8      | Reached XP level 10. HP: 19/90 MP: 9/9
  5657 | D:8      | Reached *** piety under Okawaru
  6192 | D:7      | Found Ledwe's Armour Boutique.
  6769 | D:8      | Found an ornate altar of the Wu Jian Council.
  6769 | D:8      | Found a deep blue altar of Sif Muna.
  7388 | D:9      | Reached **** piety under Okawaru
  7390 | D:9      | Reached skill level 12 in Axes
  7436 | D:9      | Reached ***** piety under Okawaru
  7807 | D:9      | Found a sacrificial altar of Ru.
  7983 | D:10     | Entered Level 10 of the Dungeon
  8019 | D:10     | Found a flagged portal.
  8037 | D:10     | Reached XP level 11. HP: 68/99 MP: 10/10
  8040 | Bailey   | Entered a bailey
  8910 | D:10     | Reached skill level 10 in Shields
  8912 | D:10     | Reached skill level 10 in Fighting
  9006 | D:10     | Reached skill level 10 in Armour
  9055 | D:10     | Found a staircase to the Lair.
  9203 | D:10     | Killed an unseen horror
  9203 | D:10     | Received a gift from Okawaru
  9203 | D:10     | Reached skill level 13 in Axes
  9536 | D:10     | Found a roughly hewn altar of Beogh.
  9601 | D:11     | Upgraded the game from 0.23-a0-143-g1adec7b to
                  | 0.23-a0-171-g5ae17c6
  9771 | D:11     | Killed an unseen horror
 10040 | D:11     | Noticed a purple ugly thing
 10041 | D:11     | Noticed a purple ugly thing
 10051 | D:11     | Killed a purple ugly thing
 10055 | D:11     | Killed a purple ugly thing
 10490 | D:12     | Killed an unseen horror
 10490 | D:12     | Received a gift from Okawaru
 10493 | D:12     | Reached skill level 14 in Axes
 10692 | D:12     | Reached XP level 12. HP: 57/110 MP: 4/11
 11057 | D:12     | Found a staircase to the Orcish Mines.
 11090 | D:11     | Slain by a meliai

Vault maps used:
D:1:      nicolae_arrival_memento_mori
D:2:      elyvilon_altar_5, overflow_temple_1_default, kiku_gazebo_pond_becter,
          minmay_item_behind_shaft, grunt_ministairs_3, ashenzari_altar_1
D:4:      nemelex_altar_shiori, nicolae_tso_carved_into_rock,
          lemuel_crystal_altar, gammafunk_ghost_necromancy,
          nicolae_elemental_shop, uniq_duvessa, uniq_edmund
D:5:      amethyst_overflow_temple_binary, lemuel_coloured_pillars_altar,
          first_ration, uniq_blork_the_orc
D:6:      overflow_temple_1_default, minmay_temple_entry_trees, nicolae_sextant,
          hangedman_decor_points, uniq_grinder, uniq_menkaure
D:7:      serial_shops, kennysheep_little_box
D:8:      gammafunk_temple_overflow_statue, david_nohive_1,
          minmay_misc_feat_plants, st_stairs_3, minmay_joined_circles
D:9:      marbit_many_paths
D:10:     lair_entry_dummy, special_room, enter_bailey_2
D:12:     hiddenorc2_lemuel, special_room, lab_entry_generic,
          minmay_misc_feat_nine_boxes
Temple:   jpeg_temple_island
Bailey:   bailey_axe_2, bailey

Skill      XL: |  1  2  3  4  5  6  7  8  9 10 11 |
---------------+----------------------------------+-----
Axes           | 3 5 6 7 9 11 12 14 | 14.5
Armour         | 4 5 6 7 8 9 11 | 11.2
Fighting       | 4 5 6 7 8 9 11 | 11.2
Shields        | 4 5 6 7 8 9 11 | 11.2

Action                   |  1- 3 |  4- 6 |  7- 9 | 10-12 || total
-------------------------+-------+-------+-------+-------++-------
Melee: War axe           |   116 |    86 |   167 |   566 ||   935
       Headbutt          |    11 |    11 |    32 |   122 ||   176
  Use: Scroll            |       |    10 |     4 |    12 ||    26
       Potion            |       |     1 |     2 |     9 ||    12
  Eat: Chunk             |       |     5 |    10 |    13 ||    28
       Ration            |       |       |       |     2 ||     2
Armor: Scale mail        |    62 |    32 |    13 |       ||   107
       Chain mail        |       |       |    45 |   336 ||   381
       Ring mail         |       |       |       |     8 ||     8
Dodge: Dodged            |    37 |    23 |    32 |   130 ||   222
       Deflected         |       |       |       |    11 ||    11
Block: Shield            |    86 |    63 |    88 |   422 ||   659

Table legend:
 A = Non-vault XP
 B = Vault XP
 C = Vault XP percentage of total XP
 D = Non-vault monster count
 E = Vault monster count
 F = Vault count percentage of total count
                 A         B        C        D         E       F
            +---------+---------+-------+---------+---------+-------
      Total |   18729 |    5048 |  21.2 |     243 |     130 |  34.9
            +---------+---------+-------+---------+---------+-------
        D:1 |      40 |       0 |   0.0 |      22 |       0 |   0.0
        D:2 |      52 |       5 |   8.8 |      22 |       2 |   8.3
        D:3 |      89 |       0 |   0.0 |      29 |       0 |   0.0
        D:4 |     252 |     850 |  77.1 |      11 |       9 |  45.0
        D:5 |     444 |      90 |  16.9 |      16 |       1 |   5.9
        D:6 |    1274 |     434 |  25.4 |      12 |       2 |  14.3
        D:7 |     361 |       0 |   0.0 |      14 |       0 |   0.0
        D:8 |    1914 |    2055 |  51.8 |      13 |      32 |  71.1
        D:9 |    2692 |       3 |   0.1 |      35 |       1 |   2.8
       D:10 |    2667 |     212 |   7.4 |      17 |      18 |  51.4
       D:11 |    2877 |       0 |   0.0 |      17 |       0 |   0.0
       D:12 |    6067 |    1052 |  14.8 |      35 |      31 |  47.0
     Bailey |       0 |     347 | 100.0 |       0 |      34 | 100.0
            +---------+---------+-------+---------+---------+-------
